 Dungeon Crawl Stone Soup version 0.30-a0-170-g85af917532 (webtiles) character file.

Game seed: 6882791433777509309

14 LnG the Caller (level 2, -2/15 HPs)
             Began as a Kobold Summoner on Sept 30, 2022.
             Slain by Terence
             ... wielding a +0 flail
              (11 damage)
             ... on level 2 of the Dungeon.
             The game lasted 00:02:01 (1231 turns).

LnG the Caller (Kobold Summoner)                    Turns: 1231, Time: 00:02:02

Health: -2/15      AC:  2    Str:  5    XL:     2   Next: 60%
Magic:  3/5        EV: 15    Int: 22    God:
Gold:   28         SH:  0    Dex: 15    Spells: 3/6 levels left

rFire   . . .      SeeInvis +    d - +0 dagger
rCold   . . .      Faith    .    (no shield)
rNeg    . . .      Spirit   .    a - +0 robe
rPois   .          Reflect  .    (no helmet)
rElec   .          Harm     .    (no cloak)
rCorr   .          Rampage  .    (no gloves)
Will    .....                    (no boots)
Stlth   +++.......               (no amulet)
HPRegen 0.05/turn                c - +6 ring of intelligence
MPRegen 0.09/turn                f - ring of see invisible

@: no status effects
A: small, no large weapons, nightstalker 3
a: no special abilities


You were on level 2 of the Dungeon.
You visited 1 branch of the dungeon, and saw 2 of its levels.

You collected 28 gold pieces.

Inventory:

Hand Weapons
 d - a +0 dagger (weapon)
Armour
 a - a +0 robe (worn)
Jewellery
 c - a +6 ring of intelligence (left hand)
 f - a ring of see invisible (right hand)
Scrolls
 e - 2 scrolls of identify {unknown}
 g - a scroll of teleportation {unknown}
Potions
 b - a potion of magic


   Skills:
 + Level 2.4 Dodging
 + Level 2.9 Stealth
 + Level 2.5 Spellcasting
 + Level 4.3 Summonings


You had 3 spell levels left.
You knew the following spells:

 Your Spells              Type           Power      Damage    Failure   Level
a - Summon Small Mammal   Summ           84%        N/A       2%          1
b - Call Imp              Summ           21%        N/A       3%          2

Your spell library contained the following spells:

 Spells                   Type           Power      Damage    Failure   Level
 Call Canine Familiar     Summ           21%        N/A       7%          3
 Summon Guardian Golem    Hex/Summ       12%        N/A       16%         3
 Summon Lightning Spire   Summ/Air       12%        N/A       47%         4


Dungeon Overview and Level Annotations

Branches:
Dungeon (2/15)

Altars:

Annotations:
D:2 Terence


Innate Abilities, Weirdness & Mutations

You are small and have problems with some larger weapons.
You are completely attuned to the shadows.


Message History

The giant cockroach barely misses you.
You hit the giant cockroach.
You kill the giant cockroach!
No target in view!
No target in view!
Partly explored, can't reach some places.
Partly explored, can't reach some places.
There is an open door here.
You open the door.
There is an open door here.
You open the door.
There is an open door here.
Sorry, I don't know how to get there.
You hit the plant.
The plant begins to die.
The plant is lightly damaged.
A nearby plant withers and dies.
Done exploring.
There is a stone staircase leading down here.
You climb downwards.
There is a stone staircase leading up here.
Found a stone staircase leading down.
Terence the Incautious comes into view.
He is wielding a +0 flail.
Found 4 stones.
Found a stone staircase leading down.
You see here a scroll labelled ONNUMI ZENT.
The helpless Terence fails to defend himself.
You hit Terence.
Terence is moderately wounded.
Terence hits you with a +0 flail!
Casting: Summon Small Mammal (safe; 2% risk of failure)
Confirm with . or Enter, or press ? or * to list all spells.
A beastly little devil appears in a puff of frigid air.
Terence closely misses you.
Found 8 stones.
Your white imp hits Terence but does no damage.
Terence misses you.
Unknown command.
Found a yellow potion.
Your white imp closely misses Terence.
Terence hits you with a +0 flail!
Ouch! That really hurt!
You die...

##.....!. #..(.....
......... .........
#.5@.... ##@...(>
##..... ##..### #.?.#
#..#.# ...>#.# ####
#...#.####### #...
..#...##....######...


You could see Terence (ally target) and a friendly white imp (summoned).

Vanquished Creatures
  2 endoplasms (D:1)
  2 giant cockroaches (D:1)
  2 goblins (D:1)
  A bat (D:1)
  A rat (D:1)
8 creatures vanquished.

Vanquished Creatures (collateral kills)
  A giant cockroach (D:1)
  A quokka (D:1)
  A frilled lizard (D:1)
  A kobold (D:1)
  A rat (D:1)
5 creatures vanquished.

Vanquished Creatures (others)
  A plant (D:1)
1 creature vanquished.

Grand Total: 14 creatures vanquished

Notes
Turn   | Place    | Note
-------+----------+-------------------------------------------
     0 | D:1      | LnG the Kobold Summoner began the quest for the Orb.
     0 | D:1      | Reached XP level 1. HP: 10/10 MP: 3/3
   492 | D:1      | Reached XP level 2. HP: 15/15 MP: 5/5
   495 | D:1      | Learned a level 2 spell: Call Imp
   518 | D:1      | Found a faded altar of an unknown god.
  1224 | D:2      | Noticed Terence
  1231 | D:2      | Slain by Terence

Illustrated notes

Levels and vault maps discovered:
D:1:      shiori_arrival_maze, layout_rooms, dreamdust_ecumenical_altar_grove,
          serial_forest, infiniplex_forest_corner_1,
          infiniplex_forest_straight_4, infiniplex_forest_end_3,
          infiniplex_forest_lined_room_3, infiniplex_forest_clump_large,
          nicolae_concentric_dashed_squares_mild
D:2:      layout_rooms, uniq_natasha, uniq_terence

Action                   || total
-------------------------++-------
Melee: Unarmed           ||    16
       Dagger            ||    23
 Cast: Summon Small Mamm ||     9
       Call Imp          ||     1
 Stab: Sleeping          ||     7
Armor: Robe              ||     7
Dodge: Dodged            ||    23

Table legend: (Time is in decaauts)
 A = Elapsed time spent in this place.
 B = Non-inter-level travel time spent in this place.
 C = Inter-level travel time spent in this place.
 D = Time resting spent in this place.
 E = Time spent auto-exploring this place.
 F = Levels seen in this place.
 G = Mean time per level.
                   A        B        C        D        E       F      G
               +--------+--------+--------+--------+--------+-----+--------+
         Total |   1229 |   1138 |     91 |    177 |    817 |   2 |  614.5 |
       Dungeon |   1229 |   1138 |     91 |    177 |    817 |   2 |  614.5 |
               +--------+--------+--------+--------+--------+-----+--------+

Top non-repeatable levels by time:
     D:1: 1171 daAuts
     D:2: 57 daAuts
